 Dungeon Crawl Stone Soup version 0.14-a0-2019-gd9bc7f0 (webtiles) character file.

558 Piginabag the Chopper (level 7, 5/45 HPs)
             Began as a Formicid Wanderer on Jan 19, 2014.
             Quit the game on Level 4 of the Dungeon.
             The game lasted 00:11:24 (4898 turns).

Piginabag the Chopper (Formicid Wanderer)           Turns: 4898, Time: 00:11:24

HP   5/45        AC  7     Str 18      XL: 7   Next: 24%
MP  10/10        EV 10     Int 12      God:
Gold 183         SH  0     Dex 10      Spells:  1 memorised,  6 levels left

rFire  . . .     SeeInvis +     l - +0 war axe
rCold  . . .     Clarity  .     b - +0 ring mail
rNeg   . . .     Conserve .     (no shield)
rPois  x         rCorr    .     (helmet unavailable)
rElec  .         rRot     .     w - +0 cloak
SustAb . .       Spirit   .     (no gloves)
rMut   .         Warding  .     (no boots)
Saprov . . .     Stasis   +     (no amulet)
MR     .....                    (no ring)
                                (no ring)

@: not resistant to hostile enchantments, very unstealthy
A: permanent stasis, dig shafts and tunnels, four strong arms, poison weakness,
antennae 3, exoskeleton 1
a: Dig, Shaft Self


You were on level 4 of the Dungeon.
You were not hungry.

You visited 1 branch of the dungeon, and saw 8 of its levels.

You collected 183 gold pieces.

Inventory:

Hand weapons
 l - a +0,+0 war axe (weapon)
Armour
 b - a +0 ring mail (worn)
 w - a +0 cloak (worn)
Magical devices
 p - a wand of confusion (8) {unknown}
Comestibles
 d - 2 bread rations
 z - a royal jelly
Scrolls
 f - 4 scrolls of recharging
 g - a scroll of blinking
 h - a scroll of identify
 j - a scroll of fog {unknown}
 n - a scroll of noise {unknown}
 r - a scroll of random uselessness {unknown}
 t - 4 scrolls of enchant weapon I {unknown}
 v - a scroll of magic mapping {unknown}
Potions
 e - a potion of berserk rage {unknown}
 k - a potion of speed
 o - 2 potions of magic {unknown}
 q - a potion of resistance {unknown}
 s - a potion of confusion {unknown}
 x - a potion of poison {unknown}
 B - a potion of beneficial mutation {unknown}
Books
 a - a Young Poisoner's Handbook

   Spells                             Type                      Level
   Sting                              Conjuration/Poison           1
   *Cure Poison                       Poison                       2
   Mephitic Cloud                     Conjuration/Poison/Air       3
   Olgreb's Toxic Radiance            Poison                       4
   Venom Bolt                         Conjuration/Poison           5


   Skills:
 + Level 2.8 Fighting
 + Level 6.2 Axes
 - Level 2.4 Armour
 - Level 0.3 Dodging
 - Level 1.2 Stealth
 - Level 1.0 Spellcasting
   Level 1.2 Earth Magic
 - Level 1.3 Poison Magic
   Level 1.1 Invocations


You had 6 spell levels left.
You knew the following spells:

 Your Spells              Type           Power        Failure   Level  Hunger
a - Cure Poison           Pois           #.........   30%         2    ###....


Dungeon Overview and Level Annotations

Branches:
Dungeon (8/16)
 Temple: D:4-7         Lair: D:8-11

Altars:
Fedhas
Trog
Yredelemnul

Shops:
D:4 (

Annotations:
D:3 exclusion: 2 downstairs
D:4 Menkaure; timbw's ghost, average OgEn


Innate Abilities, Weirdness & Mutations

Your are under a permanent stasis effect.
You can dig through walls and to a lower floor.
Your four strong arms can wield any weapon, most with a shield.
You are susceptible to poison.
You have a pair of large antennae on your head (SInv).
Your body is surrounded by an exoskeleton. (HP +5, AC +1)


Message History

The orc wizard gestures wildly while chanting.
You feel a wave of unholy energy pass over you.
The orc wizard hits you with a dagger.
* * * LOW HITPOINT WARNING * * *
You climb upwards.
Level annotation: Menkaure; timbw's ghost, average OgEn The bat hits you but does no damage.
There is a stone staircase leading down here.
You are too injured to fight recklessly!
You are too injured to fight recklessly!
You hit the orc wizard.
The orc wizard is moderately wounded.
The orc wizard is no longer moving quickly.
The bat misses you. The bat barely misses you.
The orc wizard hits you with a dagger.
* * * LOW HITPOINT WARNING * * *
The orc wizard casts a spell.
The orc wizard blinks!
You swing at nothing.
The bat closely misses you.
Are you sure you want to abandon this character and quit the game? (Confirm with "yes".)

#.......(...#
#...........#
#.....$.....#
#...........#
#.....(%(...#
#...........#
#........(..#
#..........b#
#.........@.#
#(.....)....#
...........#
..........#
.....)....#
.%.......o.#
#...........#####
..................
.......M.<........


You could see an orc wizard and a bat.

Vanquished Creatures
  A centaur (D:5)
  A giant frog (D:6)
  A hound (D:8)
  A jelly (D:5)
  A worker ant (D:3)
  Ijyb (D:3)
  3 adders (D:2)
  A giant mite (D:3)
  An inept item mimic (D:3)
  3 worms
  2 giant geckos (D:2)
  2 orcs (D:3)
  2 giant cockroaches (D:2)
  5 goblins
  6 hobgoblins
  11 kobolds
  3 quokkas
  9 bats
  A giant gecko skeleton (D:8)
  5 giant newts
  6 rats
66 creatures vanquished.

Notes
Turn   | Place    | Note
--------------------------------------------------------------
     0 | D:1      | Piginabag, the Formicid Wanderer, began the quest for the Orb.
     0 | D:1      | Reached XP level 1. HP: 17/17 MP: 3/3
   277 | D:1      | Reached XP level 2. HP: 19/21 MP: 4/4
   296 | D:1      | Learned a level 2 spell: Cure Poison
  1159 | D:2      | Reached XP level 3. HP: 17/25 MP: 5/5
  1379 | D:2      | Reached skill level 3 in Axes
  1435 | D:2      | Found a bloodstained altar of Trog.
  1436 | D:2      | Found a blossoming altar of Fedhas.
  1437 | D:2      | Found a basalt altar of Yredelemnul.
  1774 | D:2      | Reached XP level 4. HP: 26/30 MP: 6/6
  1989 | D:2      | Reached skill level 4 in Axes
  2320 | D:3      | Reached XP level 5. HP: 22/35 MP: 8/8
  3095 | D:3      | Noticed Ijyb
  3115 | D:3      | Killed Ijyb
  3144 | D:4      | Noticed timbw's ghost (average OgEn)
  3194 | D:4      | Found Cror's Weapon Shoppe.
  3194 | D:4      | Noticed Menkaure
  3194 | D:4      | Noticed a phantom
  3565 | D:3      | Reached skill level 5 in Axes
  3614 | D:3      | Reached XP level 6. HP: 18/40 MP: 9/9
  3726 | D:3      | You fall through a shaft!
  3841 | D:5      | Entered Level 5 of the Dungeon
  4001 | D:5      | HP: 2/40 [centaur (7)]
  4261 | D:5      | You fall through a shaft for 3 floors!
  4448 | D:8      | Reached skill level 6 in Axes
  4448 | D:8      | Reached XP level 7. HP: 29/45 MP: 10/10
  4898 | D:4      | Quit the game

Action                   |  1- 3 |  4- 6 |  7- 9 || total
-------------------------+-------+-------+-------++-------
Melee: Hand axe          |   123 |   219 |       ||   342
       War axe           |       |    16 |    35 ||    51
 Cast: Cure Poison       |       |     2 |       ||     2
 Abil: Shaft Self        |       |     2 |       ||     2
  Use: Potion            |       |     4 |     3 ||     7
       Scroll            |       |     7 |       ||     7
